AoeStats
← [GG] Shevchenko 7

Arena

509470379Analyzed
4v4 RM · 6d ago on Sep 26, 2026· 47m 33s· 8 players
Game mode
Random Map
Map size
Large (8 player)
Population
200
Speed
Normal
Resources
Standard
Victory
Conquest
Starting age
Dark Age
Ending age
Imperial Age
RankedLock teamsTeams togetherTeam positionsShared explorationLock speedFull tech treeHidden civsTurbo modeCheats
Victory
Defeat
🇦🇷 Malay · Argentina
1120
+10
🇺🇸 Huns · United States
1014
+14
🇦🇷 Britons · Argentina
1007
+14
🇬🇧 Italians · United Kingdom
991
+16
1033
-15
🇧🇷 Khmer · Brazil
1007
-15
🇧🇷 Lithuanians · Brazil
964
-13
🇧🇷 Turks · Brazil
902
-11
DharasZ
11:38 Feudal Age
13:34 Double-Bit Axe
13:30 Horse Collar
13:42 Gold Mining
13:43 Stone Mining
19:50 Castle Age
19:04 Wheelbarrow
19:18 Scale Barding Armor
19:23 Forging
19:18 Scale Barding Armor
20:42 Bow Saw
20:33 Heavy Plow
21:11 Gold Shaft Mining
20:53 Loom
22:32 Husbandry
22:43 Bloodlines
22:47 Forging
22:44 Scale Barding Armor
30:02 Iron Casting
32:54 Imperial Age
31:33 Iron Casting
31:18 Chain Barding Armor
31:07 Light Cavalry
32:18 Ballistics
32:11 Masonry
32:18 Marauders
34:30 Conscription
33:31 Elite Tarkan
35:14 Blast Furnace
34:54 Plate Barding Armor
34:27 Hussar
36:23 Fletching
36:34 Padded Archer Armor
36:49 Elite Skirmisher
38:36 Thumb Ring
38:32 Bodkin Arrow
39:00 Leather Archer Armor
39:20 Hand Cart
38:50 Town Watch
41:23 Chemistry
41:12 Cavalier
42:28 Paladin
45:40 Devotion
47:56 Two-Man Saw
47:33 Ballistics
47:18 Bracer
Olly
5:05 Loom
11:04 Feudal Age
12:05 Double-Bit Axe
12:02 Horse Collar
15:56 Wheelbarrow
17:08 Town Watch
19:53 Castle Age
18:14 Fletching
18:29 Padded Archer Armor
20:44 Bow Saw
20:11 Crossbowman
21:42 Heavy Plow
22:31 Gold Mining
22:33 Stone Mining
24:32 Hand Cart
24:19 Town Patrol
25:10 Bodkin Arrow
27:12 Ballistics
27:54 Leather Archer Armor
29:51 Thumb Ring
29:54 Murder Holes
31:13 Stone Shaft Mining
34:58 Imperial Age
32:15 Man-at-Arms
32:56 Squires
32:41 Arson
34:37 Long Swordsman
36:06 Bracer
36:37 Ring Archer Armor
35:44 Two-Handed Swordsman
36:50 Arbalester
44:36 Two-Man Saw
44:09 Crop Rotation
44:56 Chemistry
44:43 Forging
44:34 Scale Mail Armor
O' FENOMENO.
11:52 Feudal Age
15:31 Castle Age
13:48 Double-Bit Axe
14:12 Horse Collar
15:55 Bow Saw
16:39 Heavy Plow
23:49 Wheelbarrow
23:08 Gold Mining
25:22 Hand Cart
25:51 Gold Shaft Mining
28:55 Imperial Age
27:51 Husbandry
28:24 Forging
28:20 Scale Barding Armor
28:53 Crop Rotation
28:02 Elite Battle Elephant
29:55 Chemistry
29:40 Iron Casting
30:08 Squires
31:44 Town Watch
31:45 Loom
47:32 Blast Furnace
47:25 Spies/Treason
47:43 Sappers
aiR
0:36 Loom
10:42 Feudal Age
11:49 Horse Collar
11:57 Double-Bit Axe
19:26 Castle Age
20:38 Bow Saw
20:34 Heavy Plow
25:38 Wheelbarrow
25:35 Crossbowman
29:07 Hand Cart
31:44 Imperial Age
29:58 Padded Archer Armor
29:49 Fletching
32:29 Ballistics
32:32 Leather Archer Armor
32:12 Bodkin Arrow
33:44 Chemistry
34:04 Gold Mining
34:04 Stone Mining
35:01 Ring Archer Armor
34:32 Bracer
35:40 Two-Man Saw
35:10 Arbalester
36:47 Gold Shaft Mining
36:16 Scale Mail Armor
36:27 Forging
[GG] Shevchenko 7
10:30 Feudal Age
10:40 Loom
14:55 Castle Age
13:13 Double-Bit Axe
13:13 Horse Collar
18:01 Fervor
19:46 Wheelbarrow
23:08 Hand Cart
24:34 Padded Archer Armor
24:25 Fletching
26:42 Leather Archer Armor
26:22 Bodkin Arrow
27:00 Elite Skirmisher
27:50 Stone Mining
28:24 Ballistics
28:05 Heavy Plow
28:23 Bow Saw
30:45 Sanctity
33:47 Imperial Age
32:47 Husbandry
33:47 Scale Barding Armor
33:34 Town Watch
36:14 Chain Barding Armor
36:05 Forging
35:56 Cavalier
36:54 Scale Mail Armor
38:33 Plate Barding Armor
42:07 Paladin
[GG] Ibrahimovic
4:40 Loom
12:59 Feudal Age
18:12 Castle Age
16:08 Double-Bit Axe
18:03 Horse Collar
20:10 Bow Saw
22:40 Imperial Age
21:46 Padded Archer Armor
22:50 Leather Archer Armor
25:27 Sanctity
28:02 Ring Archer Armor
28:27 Town Watch
30:02 Fletching
31:09 Bodkin Arrow
31:37 Ballistics
37:30 Wheelbarrow
[GG] Raúl González Blanco
10:31 Feudal Age
11:33 Horse Collar
17:43 Castle Age
16:06 Double-Bit Axe
17:08 Scale Barding Armor
20:35 Town Watch
21:49 Loom
24:42 Chain Barding Armor
24:53 Heavy Plow
26:25 Wheelbarrow
27:13 Town Patrol
27:34 Bloodlines
28:30 Hand Cart
29:28 Bow Saw
29:46 Kamandaran
30:03 Forging
29:52 Crossbowman
30:53 Thumb Ring
34:21 Imperial Age
32:13 Fletching
32:24 Padded Archer Armor
33:00 Iron Casting
32:36 Pikeman
34:18 Murder Holes
35:05 Husbandry
36:13 Squires
37:44 Blast Furnace
36:40 Bodkin Arrow
36:46 Scale Mail Armor
38:04 Arson
39:58 Halberdier
[GG] Trezeguet
10:26 Feudal Age
15:41 Castle Age
14:33 Loom
15:07 Double-Bit Axe
15:39 Horse Collar
19:20 Heavy Plow
21:05 Bow Saw
22:24 Wheelbarrow
22:17 Gold Mining
23:27 Fletching
23:37 Padded Archer Armor
28:16 Imperial Age
27:11 Hand Cart
28:13 Bodkin Arrow
28:19 Padded Archer Armor
29:02 Ballistics
29:32 Bracer
30:35 Chemistry
29:48 Masonry
30:39 Bloodlines
30:29 Husbandry
29:50 Light Cavalry
31:07 Conscription
31:26 Crop Rotation
32:38 Pikeman
33:29 Forging
33:20 Scale Mail Armor
35:08 Halberdier
37:32 Scale Barding Armor
38:28 Chain Mail Armor
38:48 Iron Casting
Connection lost

Rejoining the realm…

Still unreachable

The connection could not be restored.

Session expired

The server has moved on; the page needs a fresh start.